 Dungeon Crawl Stone Soup version 0.29-a0-330-g52719c12eb (webtiles) character file.

Game seed: 3189576168035024392

40 Antichthon the Grasshopper (level 3, -2/32 HPs)
             Began as a Naga Warper on Apr 13, 2022.
             Slain by Terence
             ... wielding a +2 vorpal hand axe
              (3 damage)
             ... on level 2 of the Dungeon.
             The game lasted 00:04:09 (2394 turns).

Antichthon the Grasshopper (Naga Warper)            Turns: 2394, Time: 00:04:09

Health: -2/32      AC:  2    Str: 13    XL:     3   Next: 50%
Magic:  6/6        EV: 13    Int: 13    God:
Gold:   80         SH:  0    Dex: 12    Spells: 1/6 levels left

rFire   . . .      SeeInvis +   a - +0 hand axe
rCold   . . .      Faith    .   (no shield)
rNeg    . . .      Spirit   .   b - +0 leather armour
rPois   +          Reflect  .   (no helmet)
rElec   .          Harm     .   (no cloak)
rCorr   .          Rampage  .   (no gloves)
Will    .....                   (no barding)
Stlth   +.........              (no amulet)
HPRegen 0.10/turn               j - +4 ring of evasion
MPRegen 0.10/turn               (no ring)

@: very slow
A: AC +1, large, see invisible, deformed body, poison resistance, slowness 2,
spit poison 1, naga tail 1
a: Spit Poison


You were on level 2 of the Dungeon.
You visited 1 branch of the dungeon, and saw 2 of its levels.

You collected 80 gold pieces.

Inventory:

Hand Weapons
 a - a +0 hand axe (weapon)
Missiles
 d - 7 boomerangs of dispersal (quivered)
Armour
 b - a +0 leather armour (worn)
Jewellery
 j - a +4 ring of evasion (left hand)
Scrolls
 c - a scroll of blinking
Potions
 e - a potion of flight {unknown}
 f - 3 potions of curing
 g - 2 potions of cancellation {unknown}


   Skills:
 * Level 2.3 Fighting
 * Level 2.2 Axes
 * Level 0.6(0.9) Slings
 - Level 0.8(1.0) Throwing
 * Level 1.0 Armour
 * Level 1.7 Dodging
 * Level 0.9 Stealth
 * Level 0.1 Shields
 * Level 2.0 Spellcasting
 * Level 3.3 Translocations
 * Level 0.2 Transmutations
 * Level 0.1 Earth Magic
 * Level 0.8 Invocations


You had one spell level left.
You knew the following spells:

 Your Spells              Type           Power      Damage    Failure   Level
a - Blink                 Tloc           18%        N/A       13%         2
b - Teleport Other        Tloc           9%         N/A       26%         3

Your spell library contained the following spells:

 Spells                   Type           Power      Damage    Failure   Level
 Gell's Gravitas          Tloc           9%         N/A       26%         3
 Lesser Beckoning         Tloc           9%         N/A       26%         3
 Inner Flame              Hex/Fire       1%         N/A       67%         3
 Manifold Assault         Tloc           9%         N/A       93%         5
 Cause Fear               Hex            0%         N/A       97%         4
 Discord                  Hex            0%         N/A       100%        8


Dungeon Overview and Level Annotations

Branches:
Dungeon (2/15)

Altars:

Shops:
D:1 (

Annotations:
D:1 1 runed translucent door
D:2 Terence


Innate Abilities, Weirdness & Mutations

Your serpentine skin is tough. (AC +1)
You have supernaturally acute eyesight. (SInv)
Armour fits poorly on your strangely shaped body.
Your system is resistant to poisons. (rPois)
You cover ground very slowly.
You can spit poison.
You have a snake-like lower body.


Message History

There is a stone staircase leading up here.
A rat comes into view.
Aiming: Spit Poison (2% risk of failure)
Press: ? - help, Shift-Dir - straight line, f - you
Okay, then.
Aiming: Spit Poison (2% risk of failure)
Press: ? - help, Shift-Dir - straight line, f - rat
Aim: a rat (asleep, 100% to hit)
The splash of poison hits the rat.
The rat is poisoned.
You kill the rat!
Unknown command.
You have got your breath back.
Terence the Incautious comes into view.
He is wielding a +2 vorpal hand axe.
Terence shouts!
Aiming: Spit Poison (2% risk of failure)
Press: ? - help, Shift-Dir - straight line, f - Terence
Aim: Terence, wielding a +2 vorpal hand axe and wearing a +0 scale mail (65% to hit)
The splash of poison misses Terence.
Terence barely misses you.
Unknown command.
You hit Terence but do no damage.
Terence hits you with a +2 vorpal hand axe!
Terence drinks a potion.
Terence suddenly seems more resistant.
Unknown command.
Unknown command.
You hit Terence.
Terence is moderately wounded.
Terence misses you.
You barely miss Terence.
Terence is moderately wounded.
Terence hits you with a +2 vorpal hand axe.
Unknown command.
You barely miss Terence.
Terence is moderately wounded.
Terence hits you with a +2 vorpal hand axe.
You hit Terence.
Terence is heavily wounded.
You have got your breath back.
Terence hits you with a +2 vorpal hand axe!
* * * LOW HITPOINT WARNING * * *
You die...

#.#.# # #.# .# #
#.# .# #.# .# #.#
.# #.# .# #.# .#
###.#############@#
....#...........@.#
#####.#############
#.# #.# #.# ##.###
#....# #†...# ##
#....#


You could see Terence (resistant).

Vanquished Creatures
  A worm (D:2)
  2 dart slugs (D:1)
  3 endoplasms
  2 giant cockroaches
  2 goblins (D:1)
  5 hobgoblins
  6 kobolds
  2 quokkas
  2 ball pythons (D:1)
  2 bats
  4 rats
31 creatures vanquished.

Notes
Turn   | Place    | Note
-------+----------+-------------------------------------------
     0 | D:1      | Antichthon the Naga Warper began the quest for the Orb.
     0 | D:1      | Reached XP level 1. HP: 19/19 MP: 3/3
     1 | D:1      | Found a runed translucent door.
   485 | D:1      | Reached XP level 2. HP: 26/26 MP: 5/5
   594 | D:1      | Found Quucwid's Antique Weapon Boutique.
  1558 | D:2      | Reached XP level 3. HP: 20/32 MP: 6/6
  1567 | D:2      | Learned a level 2 spell: Blink
  1571 | D:2      | Learned a level 3 spell: Teleport Other
  2295 | D:2      | Reached skill level 1 in Armour
  2388 | D:2      | Noticed Terence
  2394 | D:2      | HP: 1/32 [Terence/+2 vorpal hand axe (10)]
  2394 | D:2      | Slain by Terence

Illustrated notes

Levels and vault maps discovered:
D:1:      dpeg_arrival_caged_fury, layout_basic, serial_shops, shop
D:2:      layout_basic, uniq_terence

Skill      XL: |  1  2  3 |
---------------+----------+-----
Armour         | 1 |  1.0
Fighting       | |  2.3
Axes           | |  2.2
Slings         | |  0.6
Throwing       | |  0.8
Dodging        | |  1.7
Stealth        | |  0.9
Shields        | |  0.1
Spellcasting   | |  2.0
Translocations | |  3.3
Transmutations | |  0.2
Earth Magic    | |  0.1
Invocations    | |  0.8

Action                   || total
-------------------------++-------
Melee: Hand axe          ||    88
 Abil: Spit Poison       ||    18
  Use: Scroll            ||     6
Armor: Leather armour    ||    13
Dodge: Dodged            ||    42

Table legend: (Time is in decaauts)
 A = Elapsed time spent in this place.
 B = Non-inter-level travel time spent in this place.
 C = Inter-level travel time spent in this place.
 D = Time resting spent in this place.
 E = Time spent auto-exploring this place.
 F = Levels seen in this place.
 G = Mean time per level.
                   A        B        C        D        E       F      G
               +--------+--------+--------+--------+--------+-----+--------+
         Total |   2892 |   2853 |     39 |      0 |   2488 |   2 | 1446.0 |
       Dungeon |   2892 |   2853 |     39 |      0 |   2488 |   2 | 1446.0 |
               +--------+--------+--------+--------+--------+-----+--------+

Top non-repeatable levels by time:
     D:1: 1798 daAuts
     D:2: 1093 daAuts
